 Dungeon Crawl Stone Soup version 0.24.0-37-gcf1ca852f1 (webtiles) character file.

Game seed: 18058969663483332426, levelgen mode: deterministic

242 Iamsoldier the Charmwright (level 6, 0/50 HPs)
             Began as a Gnoll Skald on Nov 24, 2019.
             Was an Initiate of Okawaru.
             Killed by vampiric draining
             ... invoked by bohran's ghost
              (9 damage)
             ... on level 3 of the Dungeon.
             The game lasted 00:05:35 (2458 turns).

Iamsoldier the Charmwright (Gnoll Skald)            Turns: 2458, Time: 00:05:35

Health: 0/50       AC:  4    Str: 13    XL:     6   Next: 9%
Magic:  5/13       EV: 14    Int: 17    God:    Okawaru [......]
Gold:   157        SH:  0    Dex: 15    Spells: 6/15 levels left

rFire    . . .     SeeInvis .   a - +0 spear
rCold    . . .     Gourm    .   (no shield)
rNeg     . . .     Faith    .   b - +0 leather armour
rPois    .         Spirit   .   (no helmet)
rElec    .         Reflect  .   (no cloak)
rCorr    .         Harm     .   p - +0 pair of gloves
MR       .....                  (no boots)
Stlth    ++........             (no amulet)
HPRegen  0.16/turn              (no ring)
MPRegen  0.13/turn              (no ring)

@: shrouded
A: distributed training, fangs 1, strong nose
a: Renounce Religion


You were on level 3 of the Dungeon.
You worshipped Okawaru.
Okawaru was noncommittal.
You were not hungry.

You visited 1 branch of the dungeon, and saw 3 of its levels.

You collected 157 gold pieces.

Inventory:

Hand Weapons
 a - a +0 spear (weapon)
Missiles
 m - a throwing net (quivered)
Armour
 b - a +0 leather armour (worn)
 p - a +0 pair of gloves (worn)
Jewellery
 k - an uncursed ring of wizardry {unknown}
 o - an uncursed ring of see invisible {unknown}
Wands
 n - a wand of random effects (14)
Scrolls
 e - a scroll of immolation {unknown}
 g - a scroll of remove curse {unknown}
 i - a scroll of noise {unknown}
Potions
 c - 5 potions of curing {unknown}
 h - a potion of heal wounds {unknown}
 j - a potion of lignification {unknown}
 l - a potion of experience {unknown}
Comestibles
 d - 4 rations
 f - 3 chunks of flesh


   Skills:
 + Level 4.9 Fighting
 + Level 1.7 Short Blades
 + Level 1.7 Long Blades
 + Level 1.7 Axes
 + Level 1.7 Maces & Flails
 + Level 4.9 Polearms
 + Level 1.7 Staves
 + Level 1.7 Slings
 + Level 1.7 Bows
 + Level 1.7 Crossbows
 + Level 1.7 Throwing
 + Level 3.1 Armour
 + Level 4.9 Dodging
 + Level 1.7 Stealth
 + Level 1.7 Shields
 + Level 1.7 Unarmed Combat
 + Level 5.3 Spellcasting
 + Level 1.3 Conjurations
 + Level 1.3 Hexes
 + Level 5.6 Charms
 + Level 1.3 Summonings
 + Level 1.3 Necromancy
 + Level 1.3 Translocations
 + Level 1.3 Transmutations
 + Level 1.3 Fire Magic
 + Level 1.3 Ice Magic
 + Level 1.3 Air Magic
 + Level 1.3 Earth Magic
 + Level 1.3 Poison Magic
 + Level 2.0 Invocations
 + Level 1.7 Evocations


You had 6 spell levels left.
You knew the following spells:

 Your Spells              Type           Power        Failure   Level  Hunger
a - Infusion              Chrm           ###.         1%          1    None
b - Shroud of Golubria    Chrm/Tloc      ###...       6%          2    #......
c - Spectral Weapon       Hex/Chrm       ###.....     13%         3    ##.....
d - Regeneration          Chrm/Necr      ###.......   13%         3    ##.....

Your spell library contained the following spells:

 Spells                   Type           Power        Failure   Level  Hunger
 Song of Slaying          Chrm           ###.....     2%          2    #......


Dungeon Overview and Level Annotations

Branches:
Dungeon (3/15)

Altars:
Dithmenos
Fedhas
Okawaru
Vehumet
The Shining One

Annotations:
D:3 bohran's ghost, amateur DsNe


Innate Abilities, Weirdness & Mutations

Your experience applies equally to all skills.
You have very sharp teeth.
Your uncanny sense of smell can sniff out nearby items.


Message History

Bohran's ghost is severely damaged.
Your spectral weapon closely misses bohran's ghost.
You hit bohran's ghost.
Bohran's ghost is almost destroyed.
Your spectral weapon barely misses bohran's ghost.
Bohran's ghost misses you.
You closely miss bohran's ghost.
Bohran's ghost is almost destroyed.
Your spectral weapon barely misses bohran's ghost.
Bohran's ghost misses you.
You hit bohran's ghost.
Bohran's ghost is almost destroyed.
Your spectral weapon hits bohran's ghost but does no damage.
Bohran's ghost hits you.
* * * LOW HITPOINT WARNING * * *
Casting: Regeneration (safe; 13% risk of failure)
Confirm with . or Enter, or press ? or * to list all spells.
Space distorts slightly along a thin shroud covering your body.
Bohran's ghost is infused with unholy energy.
You die...

#.#...........#
####..........##.#
..####..#.######.###.#
#.# #..#.###.......#
#.# #..#.##.....###.#
#.####..#.##..#######.#
#...[...#.##..##......#
######.#..........##
######.##.##..##@(.#
....##.#####...##W##
###.##.# ##.##rw≈#
#.##.# #.##≈≈≈# #÷##.#
#.##≈≈≈# #.##.#
#..#≈≈≈# #.# ..#
####≈%≈# #.# #.# #≈≈≈#
#.# #.#


You could see a worm, bohran's ghost, a rat and a friendly spectral +0 spear.

Vanquished Creatures
  A bullfrog (D:3)
  Crazy Yiuf (D:2)
  Terence (D:2)
  7 adders
  A worm (D:2)
  2 dart slugs (D:1)
  2 leopard geckos
  An orc (D:3)
  9 bats
  3 giant cockroaches
  6 hobgoblins
  2 quokkas
  2 ball pythons
  2 frilled lizards
  4 goblins
  5 kobolds
  7 rats
56 creatures vanquished.

Notes
Turn   | Place    | Note
-------+----------+-------------------------------------------
     0 | D:1      | Iamsoldier the Gnoll Skald began the quest for the Orb.
     0 | D:1      | Reached XP level 1. HP: 20/20 MP: 6/6
   275 | D:1      | Reached XP level 2. HP: 26/26 MP: 4/7
   282 | D:1      | Learned a level 2 spell: Shroud of Golubria
   722 | D:1      | Reached XP level 3. HP: 31/31 MP: 9/9
   727 | D:1      | Learned a level 3 spell: Spectral Weapon
   731 | D:1      | Learned a level 3 spell: Regeneration
   790 | D:2      | Reached skill level 5 in Spellcasting
   915 | D:2      | Reached skill level 1 in Invocations
  1020 | D:2      | Found a shadowy altar of Dithmenos.
  1035 | D:2      | Found a radiant altar of Vehumet.
  1038 | D:2      | Found an iron altar of Okawaru.
  1050 | D:2      | Found a glowing golden altar of the Shining One.
  1062 | D:2      | Became a worshipper of Warmaster Okawaru
  1180 | D:2      | Reached skill level 1 in Short Blades
  1180 | D:2      | Reached skill level 1 in Long Blades
  1180 | D:2      | Reached skill level 1 in Axes
  1180 | D:2      | Reached skill level 1 in Maces & Flails
  1180 | D:2      | Reached skill level 1 in Staves
  1180 | D:2      | Reached skill level 1 in Slings
  1180 | D:2      | Reached skill level 1 in Bows
  1180 | D:2      | Reached skill level 1 in Crossbows
  1180 | D:2      | Reached skill level 1 in Throwing
  1180 | D:2      | Reached skill level 1 in Stealth
  1180 | D:2      | Reached skill level 1 in Shields
  1180 | D:2      | Reached skill level 1 in Unarmed Combat
  1180 | D:2      | Reached skill level 1 in Evocations
  1207 | D:2      | Reached XP level 4. HP: 34/38 MP: 6/11
  1442 | D:2      | Found a runed translucent door.
  1443 | D:2      | Noticed Crazy Yiuf
  1443 | D:2      | Noticed Terence
  1454 | D:2      | Killed Crazy Yiuf
  1454 | D:2      | Reached skill level 1 in Conjurations
  1454 | D:2      | Reached skill level 1 in Hexes
  1454 | D:2      | Reached skill level 1 in Summonings
  1454 | D:2      | Reached skill level 1 in Necromancy
  1454 | D:2      | Reached skill level 1 in Translocations
  1454 | D:2      | Reached skill level 1 in Transmutations
  1454 | D:2      | Reached skill level 1 in Fire Magic
  1454 | D:2      | Reached skill level 1 in Ice Magic
  1454 | D:2      | Reached skill level 1 in Air Magic
  1454 | D:2      | Reached skill level 1 in Earth Magic
  1454 | D:2      | Reached skill level 1 in Poison Magic
  1466 | D:2      | Killed Terence
  1466 | D:2      | Reached XP level 5. HP: 11/43 MP: 3/12
  2167 | D:3      | Found a blossoming altar of Fedhas.
  2411 | D:3      | Found a runed translucent door.
  2422 | D:3      | Noticed bohran's ghost (amateur DsNe)
  2436 | D:3      | Reached XP level 6. HP: 49/50 MP: 5/13
  2458 | D:3      | Killed from afar by bohran's ghost

Levels and vault maps discovered:
D:1:      scummos_arrival_checkerplants, layout_basic
D:2:      layout_loops_ring, grunt_temple_overflow_cloverleaf,
          uniq_crazy_yiuf_cottage, uniq_terence
D:3:      layout_loops_ring, nicolae_overflow_hidden_temple,
          ebering_ghost_sewer_f, first_ration

Skill      XL: |  1  2  3  4  5 |
---------------+----------------+-----
Spellcasting   | 5 |  5.3
Invocations    | 1 2 |  2.0
Short Blades   | 1 |  1.7
Long Blades    | 1 |  1.7
Axes           | 1 |  1.7
Maces & Flails | 1 |  1.7
Staves         | 1 |  1.7
Slings         | 1 |  1.7
Bows           | 1 |  1.7
Crossbows      | 1 |  1.7
Throwing       | 1 |  1.7
Stealth        | 1 |  1.7
Shields        | 1 |  1.7
Unarmed Combat | 1 |  1.7
Evocations     | 1 |  1.7
Conjurations   | 1 |  1.3
Hexes          | 1 |  1.3
Summonings     | 1 |  1.3
Necromancy     | 1 |  1.3
Translocations | 1 |  1.3
Transmutations | 1 |  1.3
Fire Magic     | 1 |  1.3
Ice Magic      | 1 |  1.3
Air Magic      | 1 |  1.3
Earth Magic    | 1 |  1.3
Poison Magic   | 1 |  1.3
Armour         | 3 |  3.1
Fighting       | |  4.9
Polearms       | |  4.9
Dodging        | |  4.9
Charms         | |  5.6

Action                   |  1- 3 |  4- 6 || total
-------------------------+-------+-------++-------
Melee: Spear             |    75 |   111 ||   186
       Bite              |     4 |     7 ||    11
 Cast: Infusion          |     8 |     5 ||    13
       Spectral Weapon   |     1 |     3 ||     4
       Shroud of Golubri |       |     4 ||     4
       Regeneration      |       |     2 ||     2
 Stab: Sleeping          |     1 |       ||     1
       Distracted        |       |     4 ||     4
  Eat: Chunk             |     1 |     4 ||     5
Armor: Leather armour    |     8 |     7 ||    15
Dodge: Dodged            |    39 |    39 ||    78
